 Dungeon Crawl Stone Soup version 0.20.0-15-g7f486f2 (webtiles) character file.

345 KKCryptic the Slasher (level 6, -9/51 HPs)
             Began as a Minotaur Fighter on July 4, 2017.
             Was a Follower of Ru.
             Mangled by Inus's ghost (10 damage)
             ... on level 4 of the Dungeon.
             The game lasted 00:05:26 (3287 turns).

KKCryptic the Slasher (Minotaur Fighter)            Turns: 3287, Time: 00:05:26

Health: -9/51      AC:  9    Str: 21    XL:     6   Next: 32%
Magic:  5/5        EV:  7    Int:  5    God:    Ru [*.....]
Gold:   90         SH: 10    Dex: 11    Spells: 5/5 levels left

rFire    . . .     SeeInvis .   a - +0 long sword
rCold    . . .     Gourm    .   c - +0 shield
rNeg     . . .     Faith    .   k - +0 chain mail
rPois    .         Spirit   .   (helmet restricted)
rElec    .         Reflect  .   (no cloak)
rCorr    .         Harm     .   (no gloves)
MR       .....                  (no boots)
Stlth    ..........             q - amulet of inaccuracy (curse)
Regen    0.2/turn               (no ring)
MPRegen  0.1/turn               (no ring)

@: no status effects
A: retaliatory headbutt, horns 2, hated by all
a: Renounce Religion


You were on level 4 of the Dungeon.
You worshipped Ru.
Ru was aware of your devotion.
You were not hungry.

You visited 1 branch of the dungeon, and saw 4 of its levels.

You collected 90 gold pieces.

Inventory:

Hand Weapons
 a - a +0 long sword (weapon)
Armour
 b - a +0 scale mail
 c - a +0 shield (worn)
 k - a +0 chain mail (worn)
Jewellery
 q - a cursed amulet of inaccuracy (around neck)
Scrolls
 e - 4 scrolls of teleportation {unknown}
 i - 3 scrolls of identify {unknown}
 n - a scroll of enchant armour {unknown}
 o - a scroll of fear {unknown}
 s - a scroll of remove curse {unknown}
Potions
 d - a potion of might
 h - a potion of ambrosia {unknown}
 j - a potion of magic {unknown}
 l - a potion of flight {unknown}
 m - a potion of curing {unknown}
 p - a potion of heal wounds {unknown}
 r - 2 potions of degeneration {unknown}
Comestibles
 f - 2 bread rations
 g - a meat ration
 t - a chunk of flesh


   Skills:
 - Level 3.6 Fighting
 * Level 5.3 Long Blades
 + Level 5.2 Armour
 + Level 2.5 Dodging
 + Level 5.0 Shields


You had 5 spell levels left.
You didn't know any spells.

Dungeon Overview and Level Annotations

Branches:
Dungeon (4/15)
 Temple: D:4-7

Altars:
Elyvilon
Ru
Trog

Annotations:
D:4 Inus's ghost, novice HuFi


Innate Abilities, Weirdness & Mutations

You reflexively headbutt those who attack you in melee.
You have a pair of horns on your head.
You are hated by all.


Message History

You completely miss Inus's ghost.
Inus's ghost is severely damaged.
Inus's ghost hits you!
* * * LOW HITPOINT WARNING * * *
You hit Inus's ghost. You headbutt Inus's ghost.
Inus's ghost is almost destroyed.
You block Inus's ghost's attack. Inus's ghost closely misses you.
You furiously retaliate!
You headbutt Inus's ghost, but do no damage.
Your shield and chain mail prevent you from hitting Inus's ghost.
Inus's ghost is severely damaged.
Inus's ghost hits you but does no damage.
You hit Inus's ghost but do no damage.
Inus's ghost is severely damaged.
Inus's ghost hits you!
* * * LOW HITPOINT WARNING * * *
You slash Inus's ghost!
Inus's ghost is almost destroyed.
Inus's ghost hits you!
You die...

#.#######.#
#####.##### #.#
#.........# #.######
#.###.###.###.......
#.# #.###...........
#.# #...........#
#.# ########...##
..# ##.#####?# .##
#..†@W..# .#
#.#####.# .# ##+##
.# ##...## .####
##.....## .##.##
##.......##
.#...####.........#
........'.........+
.#...####.........#


You could see Inus's ghost.

Vanquished Creatures
  An ogre (D:3)
  An orc wizard (D:3)
  8 gnolls (D:3)
  5 adders
  2 oozes
  3 worms
  5 dart slugs
  2 leopard geckos (D:1)
  An orc (D:3)
  5 giant cockroaches
  8 goblins
  7 hobgoblins
  6 jackals
  7 kobolds
  2 quokkas (D:3)
  10 bats
  4 frilled lizards
  9 rats
86 creatures vanquished.

Notes
Turn   | Place    | Note
-------+----------+-------------------------------------------
     0 | D:1      | KKCryptic the Minotaur Fighter began the quest for the Orb.
     0 | D:1      | Reached XP level 1. HP: 19/19 MP: 0/0
   373 | D:1      | Reached XP level 2. HP: 26/26 MP: 1/1
   977 | D:1      | Reached XP level 3. HP: 31/31 MP: 2/2
  1199 | D:2      | Reached skill level 1 in Dodging
  1408 | D:2      | Reached XP level 4. HP: 39/39 MP: 3/3
  1726 | D:2      | You fall through a shaft!
  1792 | D:3      | Found a sacrificial altar of Ru.
  1808 | D:3      | Became a worshipper of Ru the Awakened
  1873 | D:3      | Noticed an ogre
  1893 | D:3      | Killed an ogre
  1893 | D:3      | Reached XP level 5. HP: 18/45 MP: 4/4
  2161 | D:3      | Reached skill level 5 in Armour
  2466 | D:3      | Reached skill level 5 in Long Blades
  2476 | D:3      | Reached XP level 6. HP: 43/51 MP: 5/5
  2657 | D:3      | Reached skill level 5 in Shields
  2853 | D:3      | Found a white marble altar of Elyvilon.
  2853 | D:3      | Found a bloodstained altar of Trog.
  3133 | D:4      | Gained mutation: You are hated by all. [Ru sacrifice]
  3133 | D:4      | Reached * piety under Ru
  3253 | D:4      | Noticed Inus's ghost (novice HuFi)
  3286 | D:4      | HP: 1/51 [Inus's ghost (11)]
  3287 | D:4      | Mangled by Inus's ghost

Skill      XL: |  1  2  3  4  5  6 |
---------------+-------------------+-----
Armour         | 4 5 |  5.2
Shields        | 4 5 |  5.0
Long Blades    | 3 4 5 |  5.3
Dodging        | 1 2 |  2.5
Fighting       | |  3.6

Action                   |  1- 3 |  4- 6 || total
-------------------------+-------+-------++-------
Melee: Long sword        |    96 |   159 ||   255
       Headbutt          |    13 |    32 ||    45
Invok: Sacrifice Love    |       |     1 ||     1
 Stab: Paralysed         |       |     2 ||     2
       Invisible         |       |     1 ||     1
  Eat: Chunk             |     2 |     6 ||     8
Armor: Scale mail        |    44 |     9 ||    53
       Chain mail        |       |    46 ||    46
Dodge: Dodged            |    34 |    49 ||    83
Block: Shield            |    39 |    69 ||   108
       Rpst.: Long sword |    11 |     6 ||    17
